 Dungeon Sprint DCSS version 0.30-a0-534-gdc55766716 (webtiles) character file.

Game seed: 15574475260032988333

795 rocky1 the Protected (level 7, -7/71 HPs)
             Began as a Minotaur Fighter on Dec 25, 2022.
             Was an Initiate of Gozag.
             Mangled by a soul eater (15 damage)
             ... summoned by a kobold demonologist
             ... in the Dungeon (Sprint III: "The Ten Rune Challenge").
             The game lasted 00:01:28 (591 turns).

rocky1 the Protected (Minotaur Fighter)              Turns: 591, Time: 00:01:29

Health: -7/71      AC:  9    Str: 23    XL:     7   Next: 58%
Magic:  6/6        EV: 10    Int:  3    God:    Gozag
Gold:   415        SH:  6    Dex:  9    Spells: 6/6 levels left

rFire   + . .      SeeInvis .    a - +0 flail
rCold   . . .      Faith    .    c - +0 buckler
rNeg    . . .      Spirit   .    b - +0 scale mail
rPois   .          Reflect  .    (helmet restricted)
rElec   .          Harm     .    (no cloak)
rCorr   .          Rampage  .    (no gloves)
Will    .....      NoTele   +    (no boots) Stlth
                                 (no amulet)
HPRegen 0.31/turn                (no ring)
MPRegen 0.10/turn                (no ring)

@: no status effects
A: horns 2, retaliatory headbutt, dopey 1, fire resistance 1, screaming 1
a: Renounce Religion, Potion Petition, Call Merchant, Bribe Branch


You were in the Dungeon.
You worshipped Gozag.
Gozag was aware of your devotion.
You visited 1 branch You collected 415 gold pieces.

Inventory:

Hand Weapons
 a - a +0 flail (weapon)
Armour
 b - a +0 scale mail (worn)
 c - a +0 buckler (worn)
Scrolls
 j - a scroll of blinking
 k - 3 scrolls of poison {unknown}
 l - a scroll of identify {unknown}
Potions
 d - 2 potions of might
 e - a potion of curing
 f - a potion of heal wounds
 g - a potion of haste
 h - 2 potions of magic
 i - a potion of berserk rage
 m - a potion of brilliance {unknown}
 n - a potion of invisibility {unknown}
 o - a potion of flight {unknown}
 p - a potion of mutation
Miscellaneous
 q - a tin of tremorstones (2/2)


   Skills:
 + Level 9.8 Fighting
 + Level 10.0 Maces & Flails
 + Level 11.0 Armour
 + Level 2.0 Dodging
 + Level 9.9 Shields
 * Level 3.9 Evocations


You had 6 spell levels left.
You didn't know any spells.
Your spell library was empty.

Dungeon Overview and Level Annotations

Branches:
Dungeon (1/1)

Altars:
Cheibriados
Dithmenos
Fedhas
Gozag
Hepliaklqana
Kikubaaqudgha
Makhleb
Nemelex Xobeh
Okawaru
Qazlal
Ru
Sif Muna
Trog
Uskayaw
Vehumet
Wu Jian
Xom
Yredelemnul
Jiyva
Lugonu


Innate Abilities, Weirdness & Mutations

You have a pair of horns on your head.
You reflexively headbutt those who attack you in melee.
You are dopey. (Int -2)
Your flesh is heat resistant. (rF+)
You occasionally shout uncontrollably at your foes.


Message History

Something hits you but does no damage.
The ynoxinul gestures.
You closely miss the kobold demonologist.
You headbutt the kobold demonologist.
The kobold demonologist is lightly wounded.
The shadow imp summons a swarm of flies.
The soul eater hits you! Something hits you but does no damage.
The kobold demonologist closely misses you.
You miss the kobold demonologist.
The kobold demonologist is lightly wounded.
The soul eater draws from the surrounding life force!
The soul eater is healed.
The kobold demonologist hits you with a +0 dagger.
Something hits you.
You miss the kobold demonologist.
Your headbutt misses the kobold demonologist.
The kobold demonologist is lightly wounded.
The soul eater hits you!
* * * LOW HITPOINT WARNING * * *
The kobold demonologist hits you with a +0 dagger.
* * * LOW HITPOINT WARNING * * *
Something hits you but does no damage.
You barely miss the kobold demonologist.
Your headbutt misses the kobold demonologist.
The kobold demonologist is lightly wounded.
The soul eater draws from the surrounding life force!
* * * LOW HITPOINT WARNING * * *
Something hits you but does no damage.
The kobold demonologist hits you but does no damage.
You miss the kobold demonologist.
The kobold demonologist is lightly wounded.
You block the soul eater's attack.
You block the kobold demonologist's attack.
Something hits you.
* * * LOW HITPOINT WARNING * * *
You hit the kobold demonologist. You headbutt the kobold demonologist.
The kobold demonologist is almost dead.
The soul eater hits you!
You die...
Your body crumbles into a pile of gold.

#..#......♣ ♣.# #___#__#$ $
####......♣ ♣♣.# #__.#._# $
†..#....~♣♣♣♣..###+#)###)##$$
...#...~~♣.♣.♣.#..........#$
..)#..~~~~♣.♣♣.'.⌠........# $
$$
##'#..~≈≈~~~...#...######'# $
...#.~~≈~~~....#.⌠.#__#...#
...#.~≈~~~.....#...#__#...#
...#.~~~.......#@###__#...#
####...........#K33#__#...+
...............#555#__'...#
▓▓▓▓▓▓▓▓▓▓▓▓▓▓▓▓▓▓▓▓▓▓▓▓▓▓▓ $


You could see a soul eater (summoned), a kobold demonologist, a ynoxinul
(summoned), an iron imp (summoned), a shadow imp (summoned) and an ufetubus
(summoned).

Vanquished Creatures
  A shadow (D)
  A spatial vortex (D)
  A scorpion (D)
  A necrophage (D)
  A water elemental (D)
  A jelly (D)
  A necromancer (D)
  3 humans (D)
  An endoplasm (D)
  3 rats (D)
14 creatures vanquished.

Notes
Turn   | Place    | Note
-------+----------+-------------------------------------------
     0 | D        | rocky1 the Minotaur Fighter began the quest for the Orb.
     0 | D        | Reached XP level 1. HP: 19/19 MP: 0/0
     5 | D        | Reached skill level 4 in Armour
    47 | D        | Reached skill level 5 in Fighting
    47 | D        | Reached skill level 5 in Armour
    47 | D        | Reached XP level 2. HP: 26/29 MP: 1/1
    57 | D        | Noticed a scorpion
    69 | D        | Killed a scorpion
    70 | D        | Reached skill level 6 in Armour
    70 | D        | Reached XP level 3. HP: 34/38 MP: 2/2
    70 | D        | Reached XP level 4. HP: 40/45 MP: 3/3
    93 | D        | Gained mutation: You are resistant to electric shocks.
                  | (rElec) [potion of mutation]
    93 | D        | Gained mutation: You occasionally lose the ability to drink
                  | potions when taking damage. [potion of mutation]
    94 | D        | Lost mutation: You occasionally lose the ability to drink
                  | potions when taking damage. [potion of mutation]
    94 | D        | Lost mutation: You are resistant to electric shocks.
                  | (rElec) [potion of mutation]
    94 | D        | Gained mutation: You are dopey. (Int -2) [potion of
                  | mutation]
    94 | D        | Gained mutation: You have hidden genetic defects. [potion
                  | of mutation]
    94 | D        | Gained mutation: Your system is resistant to poisons.
                  | (rPois) [potion of mutation]
    95 | D        | Lost mutation: You are dopey. (Int -2) [potion of mutation]
    95 | D        | Lost mutation: Your system is resistant to poisons. (rPois)
                  | [potion of mutation]
    95 | D        | Lost mutation: You have hidden genetic defects. [potion of
                  | mutation]
    95 | D        | Gained mutation: You occasionally shout uncontrollably at
                  | your foes. [potion of mutation]
    95 | D        | Gained mutation: You are dopey. (Int -2) [potion of
                  | mutation]
    95 | D        | Gained mutation: Your flesh is heat resistant. (rF+)
                  | [potion of mutation]
   109 | D        | Noticed a water elemental
   113 | D        | Killed a water elemental
   114 | D        | Reached skill level 5 in Maces & Flails
   114 | D        | Reached skill level 7 in Armour
   114 | D        | Reached XP level 5. HP: 12/52 MP: 4/4
   267 | D        | Noticed a shadow
   271 | D        | Killed a shadow
   272 | D        | Reached skill level 9 in Armour
   272 | D        | Reached XP level 6. HP: 54/62 MP: 5/5
   273 | D        | Reached skill level 1 in Dodging
   293 | D        | Found a blossoming altar of Fedhas.
   293 | D        | Found a stormy altar of Qazlal.
   293 | D        | Found a snail-covered altar of Cheibriados.
   293 | D        | Found a burning altar of Makhleb.
   293 | D        | Found a shimmering altar of Xom.
   294 | D        | Found a hazy altar of Hepliaklqana.
   294 | D        | Found an opulent altar of Gozag.
   294 | D        | Found a sparkling altar of Nemelex Xobeh.
   294 | D        | Found a corrupted altar of Lugonu.
   294 | D        | Found a viscous altar of Jiyva.
   294 | D        | Noticed a spatial vortex
   298 | D        | Became a worshipper of Gozag Ym Sagoz the Greedy
   307 | D        | Killed a spatial vortex
   324 | D        | Found a basalt altar of Yredelemnul.
   324 | D        | Found a shadowy altar of Dithmenos.
   324 | D        | Found a sacrificial altar of Ru.
   326 | D        | Reached skill level 10 in Armour
   330 | D        | Reached XP level 7. HP: 67/70 MP: 6/6
   340 | D        | Found a hide-covered altar of Uskayaw.
   340 | D        | Found an iron altar of Okawaru.
   340 | D        | Found a bloodstained altar of Trog.
   340 | D        | Found an ornate altar of the Wu Jian Council.
   340 | D        | Noticed a human
   342 | D        | Noticed a human
   345 | D        | Killed a human
   357 | D        | Killed a human
   358 | D        | Reached skill level 10 in Maces & Flails
   358 | D        | Reached skill level 11 in Armour
   569 | D        | Found a radiant altar of Vehumet.
   569 | D        | Found a shimmering blue altar of Sif Muna.
   569 | D        | Found an ancient bone altar of Kikubaaqudgha.
   579 | D        | Noticed a soul eater
   585 | D        | Noticed a ynoxinul
   591 | D        | Mangled by a soul eater

Illustrated notes

Levels and vault maps discovered:
D:        dungeon_sprint_mu [sprint_mu_entry_forest, sprint_mu_temple_rooms,
          sprint_mu_d1_horrors, sprint_mu_d2_genie, sprint_mu_d3_branching,
          sprint_mu_orc_legion, sprint_mu_elf_gauntlet, sprint_mu_hive_nellie,
          sprint_mu_lair_fedhas, sprint_mu_vaults_butterflies,
          sprint_mu_slime_circle, sprint_mu_swamp_cave, sprint_mu_shoals_archi,
          sprint_mu_blade_basic, sprint_mu_crypt_fortress,
          sprint_mu_tomb_spiral, sprint_mu_vestibule_basic,
          sprint_mu_gehenna_hellfire, sprint_mu_dis_giant,
          sprint_mu_tartarus_statrot, sprint_mu_cocytus_islands, sprint_mu_zot1]

Skill      XL: |  1  2  3  4  5  6  7 |
---------------+----------------------+-----
Fighting       | 5 6 7 8 9 |  9.8
Armour         | 5 6 7 9 10 11 | 11.0
Shields        | 4 6 7 8 9 |  9.9
Maces & Flails | 3 4 5 7 8 10 | 10.0
Dodging        | 1 2 |  2.0
Evocations     | 2 3 |  3.9

Action                   |  1- 3 |  4- 6 |  7- 9 || total
-------------------------+-------+-------+-------++-------
Melee: Flail             |    19 |    18 |    36 ||    73
       Headbutt          |     5 |     7 |     4 ||    16
  Use: Potion            |       |     3 |       ||     3
Armor: Scale mail        |     6 |     2 |    16 ||    24
Dodge: Dodged            |     6 |     3 |     8 ||    17
Block: Buckler           |     4 |     3 |     6 ||    13

Table legend: (Time is in decaauts)
 A = Elapsed time spent in this place.
 B = Non-inter-level travel time spent in this place.
 C = Inter-level travel time spent in this place.
 D = Time resting spent in this place.
 E = Time spent auto-exploring this place.
 F = Levels seen in this place.
 G = Mean time per level.
                   A        B        C        D        E       F      G
               +--------+--------+--------+--------+--------+-----+--------+
         Total |    601 |    601 |      0 |    345 |     52 |   1 |  601.0 |
       Dungeon |    601 |    601 |      0 |    345 |     52 |   1 |  601.0 |
               +--------+--------+--------+--------+--------+-----+--------+

Top non-repeatable levels by time:
       D: 601 daAuts
